Unix NetHack Version 5.0.0-0 post-release - last build May 23 2026 06:08:33 (1c0ff79ee797540d5714e4e18072db0edd9e58ae,branch:main).

Game began 2026-05-27 17:28:08, ended 2026-05-27 17:42:42.

CyberFan, chaotic male orcish Rogue

                                                                --------------
 -------                                                      ##.....^...^.^^|
 |.....|     -------                                            |............|
 ||.....#  ##......|                                            ---.----------
 |`....|#  # |.....|      ------------                             #
 |.>.^)|#### |.....|      |..........|                             #
 -----|- #   |.....|      |..........|                         ###)#
      #  # ##-...v.-######|[.........|               ----------|---
      #  #   -------     #...........|#              |..........>.|
      #  #                |..........-###############.............|
      #  #                ------------               |............|
    ### ##                                           |............|
  --.---#                                            |............|
  |....|#                                            -----.--------
  |....|#
  |<...-#
  ------

CyberFan the Cutpurse   St:15 Dx:16 Co:12 In:7 Wi:12 Ch:14  Chaotic
Dlvl:4  $:74 HP:0(30) Pw:17(17) AC:5  Xp:4/144 T:2305 

Latest messages:
 The gnome hits!
 You kill the gnome!
 You climb up the stairs.
 What do you want to put on? [gmAC or ?*]
 You are now wearing a hooded cloak.
 You descend the stairs.
 You see here a gnome corpse.
 i - an uncursed +0 orcish dagger named ammo (at the ready) (5 in total).
 The gnome lord picks up 2 uncursed +0 orcish daggers named ammo.
 i - 2 uncursed +0 orcish daggers named ammo (at the ready) (7 in total).
 The gnome lord picks up 4 darts.
 You see here a gnome corpse.
 The gnome lord wields 2 uncursed +0 orcish daggers named ammo!
 In what direction?
 The orcish dagger named ammo hits the gnome lord.
 In what direction?
 The orcish dagger named ammo hits the gnome lord.
 You miss the gnome lord.
 The gnome lord thrusts one of his orcish daggers named ammo.
 The gnome lord hits!
 You hit the gnome lord.
 The gnome lord thrusts one of his orcish daggers named ammo.
 The gnome lord hits!
 The gnome lord thrusts one of his orcish daggers named ammo.
 The gnome lord hits!
 You climb up the stairs.
 You stop waiting.
 In what direction?
 The orcish dagger named ammo hits the paper golem.
 A board beneath the paper golem squeaks a B note loudly.
 In what direction?
 You throw 2 orcish daggers named ammo.
 The 1st orcish dagger named ammo hits the paper golem.
 The 2nd orcish dagger named ammo hits the paper golem.
 In what direction?
 You throw 2 orcish daggers named ammo.
 The 1st orcish dagger named ammo hits the paper golem.
 The 2nd orcish dagger named ammo hits the paper golem.
 The paper golem hits!
 #
 What do you want to write with? [- amyACDI-KM or ?*]
 You write in the dust with your fingertip.
 The paper golem turns to flee.
 i - 2 uncursed +0 orcish daggers named ammo (at the ready).
 i - 2 uncursed +0 orcish daggers named ammo (at the ready) (4 in total).
 Where do you want to travel to?
 (For instructions type a '?')
 The fog cloud engulfs you!
 You are laden with moisture and can barely breathe!
 You die...

Inventory:
 Coins    ('$')
  $ - 74 gold pieces
 Weapons  (')')
  D - 12 blessed +2 darts
  M - an uncursed +0 dart
  y - 10 cursed poisoned -1 darts
  i - 4 uncursed +0 orcish daggers named ammo (at the ready)
  a - an uncursed +0 orcish short sword (weapon in right hand)
 Armor    ('[')
  o - an uncursed +0 orcish helm (being worn)
  E - an uncursed +0 pair of water walking boots (being worn)
  O - an uncursed +0 dwarvish cloak (being worn)
  c - an uncursed +1 leather armor (being worn)
 Comestibles  ('%')
  h - 2 uncursed jackfruits
  L - an uncursed clove of garlic
  z - 2 uncursed lembas wafers
  N - 2 uncursed tins of smoked gnome meat
 Scrolls  ('?')
  s - an uncursed scroll of enchant armor
  r - 2 uncursed scrolls of enchant weapon
  H - an uncursed scroll of identify
  u - an uncursed scroll of light
  k - a cursed scroll of teleportation
 Spellbooks  ('+')
  v - an uncursed spellbook of force bolt
 Potions  ('!')
  B - an uncursed potion of fruit juice
  x - an uncursed potion of gain ability
  j - an uncursed potion of object detection
  p - an uncursed potion of paralysis
  F - an uncursed potion of see invisible
 Rings    ('=')
  A - a cursed ring of aggravate monster
  m - an uncursed ring of levitation
  C - an uncursed ring of searching
 Wands    ('/')
  J - an uncursed wand of light (0:13)
  I - an uncursed wand of slow monster (0:3)
 Tools    ('(')
  f - an empty uncursed sack
  g - an uncursed blindfold
  e - an uncursed lock pick
 Gems/Stones  ('*')
  K - 3 uncursed worthless pieces of orange glass

CyberFan the Rogue's attributes:

Background:
 You were a Cutpurse, a level 4 male orcish Rogue.
 You were chaotic, nominally on a mission for Kos
 who was opposed by Issek (lawful) and Mog (neutral).
 You were right-handed.
 You were in the Dungeons of Doom, on level 4.
 You entered the dungeon 2305 turns ago.
 You had 144 experience points, 16 more were needed to attain level 5.

Basics:
 You had 0 out of 30 hit points.
 You had all 17 energy points (spell power).
 Your armor class was 5.
 Your wallet contained 74 zorkmids.
 Autopickup was on for '$%?!"=/*' plus thrown, with exceptions.

Final Characteristics:
 Your strength was 15 (limit:18/50).
 Your dexterity was 16 (limit:18).
 Your constitution was 12 (limit:18).
 Your intelligence was 7 (limit:16).
 Your wisdom was 12 (limit:16).
 Your charisma was 14 (limit:16).

Final Status:
 You were engulfed by the fog cloud.
 You weren't hungry.
 You were unencumbered.
 You were wielding a short sword.
 You had basic skill with short sword.

Final Attributes:
 You were piously aligned.
 Your items were somewhat protected from fire.
 Your items were somewhat protected from cold.
 You were poison resistant.
 You had infravision.
 You were stealthy.
 You could walk on water.
 You were warded.
 You are dead.

Miscellaneous:
 You disabled loading and storing of bones levels.
 Total elapsed playing time was 14 minutes and 33 seconds.

Major events:
 Turn
    1: CyberFan the chaotic male orcish Rogue entered the dungeon
 1025: entered the Gnomish Mines
 1300: attained the rank of Cutpurse (level 3)
 2305: killed by a fog cloud

You didn't know any spells.

Skills:
 Fighting Skills
   bare handed combat [Unskilled]
   two weapon combat  [Unskilled]
   riding             [Unskilled]
 Weapon Skills
   dagger             [Basic]
   knife              [Unskilled]
   short sword        [Basic]
   broadsword         [Unskilled]
   long sword         [Unskilled]
   two-handed sword   [Unskilled]
   saber              [Unskilled]
   club               [Unskilled]
   mace               [Unskilled]
   morning star       [Unskilled]
   flail              [Unskilled]
   hammer             [Unskilled]
   polearms           [Unskilled]
   spear              [Unskilled]
   crossbow           [Unskilled]
   dart               [Unskilled]
   shuriken           [Unskilled]
 Spellcasting Skills
   divination spells  [Unskilled]
   escape spells      [Unskilled]
   matter spells      [Unskilled]

Voluntary challenges:
 Character rerolling was not enabled.
 You were an atheist.
 You never genocided any monsters.
 You never polymorphed an object.
 You never changed form.
 You used no wishes.
Achievements:
 You entered a shop.
 You entered the Gnomish Mines.
 You attained the rank of Cutpurse.

 The Dungeons of Doom: levels 1 to 5
    Level 1:
       A fountain, a grave.
    Level 2:
       A general store.
    Level 3:
    Level 4: <- You were here.
       A grave.
       Stairs down to The Gnomish Mines.
       Final resting place for
          you, killed by a fog cloud.
    Level 5:
       A throne, a fountain.
 The Gnomish Mines:
    Level 5:


Vanquished creatures:
  a bugbear
  a rock piercer
  a gray ooze
  a floating eye
  a kitten
  2 dwarves
  a kobold leader
  a giant bat
 an iguana
  a coyote
  a hobbit
  a hobgoblin
  a giant rat
  8 gnomes
  a gecko
  4 jackals
  4 foxes
  3 goblins
  2 sewer rats
  a grid bug
  4 lichens
  9 newts
50 creatures vanquished.

No species were genocided or became extinct.

Game over:
                       ----------
                      /          \
                     /    REST    \
                    /      IN      \
                   /     PEACE      \
                  /                  \
                  |     CyberFan     |
                  |      74 Au       |
                  | killed by a fog  |
                  |      cloud       |
                  |                  |
                  |                  |
                  |       2026       |
                 *|     *  *  *      | *
        _________)/\\_//(\/(/\)/\//\/|_)_______

Goodbye CyberFan the Rogue...

You died in The Dungeons of Doom on dungeon level 4 with 863 points,
and 74 pieces of gold, after 2305 moves.
You were level 4 with a maximum of 30 hit points when you died.

